 Dungeon Crawl Stone Soup version 0.31-a0-175-g9f7f995f2b (webtiles) character file.

Game seed: 2714803723878136695

69 qw the Shooter (level 4, 0/39 HPs)
             Began as a Naga Hunter on June 17, 2023.
             Slain by Ijyb
             ... wielding a +1 dagger of venom
              (3 damage)
             ... on level 2 of the Dungeon.
             The game lasted 00:00:36 (1290 turns).

qw the Shooter (Naga Hunter)                        Turns: 1290, Time: 00:00:36

Health: 0/39       AC:  0    Str: 13    XL:     4   Next: 20%
Magic:  4/4        EV: 19    Int:  9    God:
Gold:   96         SH:  0    Dex: 22    Spells: 3/3 levels left

rFire   . . .        Y - melded +0 shortbow
rCold   . . .        (shield currently unavailable)
rNeg    . . .        c - melded +0 leather armour
rPois   .            (helmet currently unavailable)
rElec   .            (cloak currently unavailable)
rCorr   .            (gloves currently unavailable)
SInv    +            (no barding)
Will    .....        (no amulet)
Stlth   ++           f - melded +5 ring of evasion
HPRegen 0.26/turn    (ring currently unavailable)
MPRegen 0.09/turn

%: no passive effects
@: lethally poisoned (0 -> -8), short of breath, bat-form (expiring), flying,
very quick
A: fast, flying, no casting, AC +1, tiny, see invisible, (deformed body),
(poison resistance), (slowness 2), spit poison 1, (naga tail 1)
a: Spit Poison


You were on level 2 of the Dungeon.
You were a bat.
You visited 1 branch of the dungeon, and saw 3 of its levels.

You collected 96 gold pieces.


Innate Abilities, Weirdness & Mutations

You are a bat.
You are tiny and dextrous.
You move quickly.
You are flying.
Your equipment is almost entirely melded.
You are incapable of wielding weapons or throwing items.
You cannot cast spells.
((Your serpentine skin is tough. (AC +1)))
You have supernaturally acute eyesight. (SInv)
((Armour fits poorly on your strangely shaped body.))
((Your system is resistant to poisons. (rPois)))
((You cover ground very slowly.))
You can spit poison.
((You have a snake-like lower body.))


   Skills:
 + Level 2.3 Fighting
 - Level 5.0 Ranged Weapons
 - Level 1.5 Dodging
 - Level 1.5 Stealth


You had 3 spell levels left.
You didn't know any spells.
Your spell library was empty.

Inventory:

Hand Weapons
 Y - a +0 shortbow (melded)
Armour
 c - a +0 leather armour (melded)
 d - the +1 leather armour "Ufeeraxo" {rC- Int+3}
   (You found it on level 2 of the Dungeon)

   Int:       It affects your intelligence (+3).
   rC:        It makes you vulnerable to cold.
Jewellery
 f - a +5 ring of evasion (melded)
Scrolls
 a - a scroll of identify
Potions
 b - a potion of curing
 g - a potion of enlightenment

Dungeon Overview and Level Annotations

Branches:
Dungeon (3/15)

Altars:

Annotations:
D:2 Ijyb


Message History

You feel very sick.
Ijyb hits you with a +1 dagger of venom.
You are lethally poisoned!
1284 ||| INVOKING Spit Poison.
Aiming: Spit Poison (1% risk of failure)
Press: ? - help, Shift-Dir - straight line, f/p - Ijyb The splash of poison hits Ijyb but does no damage.
Ijyb is moderately wounded.
You feel extremely sick.
Ijyb hits you with a +1 dagger of venom.
You are more poisoned.
You hit Ijyb but do no damage.
Ijyb is moderately wounded.
You feel extremely sick.
1286 ||| DRINKING potion of heal wounds.
You feel much better.
Your transformation is almost over.
You feel extremely sick. Ijyb misses you.
You hit Ijyb but do no damage.
Ijyb is moderately wounded.
You feel very sick. Ijyb barely misses you.
You barely miss Ijyb.
Ijyb is moderately wounded.
You have got your breath back.
You feel very sick.
Ijyb hits you with a +1 dagger of venom.
1289 ||| INVOKING Spit Poison.
Aiming: Spit Poison (1% risk of failure)
Press: ? - help, Shift-Dir - straight line, f/p - Ijyb The splash of poison hits Ijyb!
Ijyb is poisoned.
Ijyb is heavily wounded.
You feel very sick. Ijyb barely misses you.
You barely miss Ijyb.
Ijyb is severely wounded.
You feel very sick.
Ijyb hits you with a +1 dagger of venom.
You die...

###### #....# ########
#.##.########## #......#
#.#...........#
##......####.#..########.#
.'......'.).....b# #.#
##......######.g.# #.#
#......##.......# #.#
###'#####.##....#######)#
####.#####.##.......)....#
...........#.....#########
####.#######..#..# # #.#
#..#..# # #.# #.....#


You could see Ijyb (poisoned).

Vanquished Creatures
  2 adders (D:2)
  A dart slug (D:1)
  An orc (D:2)
  3 endoplasms
  A giant cockroach (D:1)
  9 goblins
  6 hobgoblins
  4 jackals
  3 kobolds (D:1)
  6 ball pythons
  3 bats
  2 frilled lizards (D:1)
  4 rats (D:1)
45 creatures vanquished.

Notes
Turn   | Place    | Note
-------+----------+-------------------------------------------
     0 | D:1      | qw the Naga Hunter began the quest for the Orb.
     0 | D:1      | Reached XP level 1. HP: 19/19 MP: 1/1
     0 | D:1      | 0 ||| qw: Version: 0.3-a-3-g30531e4
     0 | D:1      | 0 ||| qw: Game counter: 416
     0 | D:1      | 0 ||| qw: Always use a shield: true
     0 | D:1      | 0 ||| qw: God list: Okawaru
     0 | D:1      | 0 ||| qw: Allow faded altars: false
     0 | D:1      | 0 ||| qw: Do Orc after D:15 true
     0 | D:1      | 0 ||| qw: Do second Lair branch before Depths: true
     0 | D:1      | 0 ||| qw: Lair rune preference: random
     0 | D:1      | 0 ||| qw: Plans: Normal
     0 | D:1      | 0 ||| PLANNING D:1-11
    24 | D:1      | 24 ||| INVOKING Spit Poison.
    29 | D:1      | 29 ||| INVOKING Spit Poison.
    30 | D:1      | 30 ||| INVOKING Spit Poison.
    33 | D:1      | 33 ||| INVOKING Spit Poison.
    34 | D:1      | 34 ||| INVOKING Spit Poison.
    56 | D:1      | 56 ||| INVOKING Spit Poison.
    76 | D:1      | 76 ||| INVOKING Spit Poison.
    82 | D:1      | 82 ||| INVOKING Spit Poison.
    86 | D:1      | Reached skill level 4 in Ranged Weapons
    86 | D:1      | Reached XP level 2. HP: 14/26 MP: 2/2
    87 | D:1      | 87 ||| INVOKING Spit Poison.
    92 | D:1      | 92 ||| INVOKING Spit Poison.
   178 | D:1      | 178 ||| INVOKING Spit Poison.
   185 | D:1      | 185 ||| INVOKING Spit Poison.
   188 | D:1      | 188 ||| INVOKING Spit Poison.
   204 | D:1      | 204 ||| INVOKING Spit Poison.
   208 | D:1      | 208 ||| INVOKING Spit Poison.
   249 | D:1      | 249 ||| INVOKING Spit Poison.
   339 | D:1      | 339 ||| INVOKING Spit Poison.
   425 | D:1      | 425 ||| INVOKING Spit Poison.
   427 | D:1      | Reached XP level 3. HP: 32/32 MP: 3/3
   435 | D:1      | 435 ||| INVOKING Spit Poison.
   504 | D:1      | 504 ||| INVOKING Spit Poison.
   543 | D:1      | 543 ||| UPGRADING to +5 ring of evasion.
   544 | D:1      | 544 ||| READING 3 scrolls labelled LIJASA ZOJA.
   545 | D:1      | 545 ||| READING scroll labelled ATURHA ACOL.
   546 | D:1      | 546 ||| DRINKING 2 fizzy red potions.
   547 | D:1      | 547 ||| READING 2 scrolls of identify.
   547 | D:1      | 547 ||| IDENTIFYING fuming cyan potion
   548 | D:1      | 548 ||| DROPPING scroll of butterflies.
   549 | D:1      | 549 ||| DROPPING potion of ambrosia.
   598 | D:2      | 598 ||| INVOKING Spit Poison.
   607 | D:2      | 607 ||| INVOKING Spit Poison.
   613 | D:2      | 613 ||| INVOKING Spit Poison.
   658 | D:2      | 658 ||| INVOKING Spit Poison.
   676 | D:2      | 676 ||| INVOKING Spit Poison.
   682 | D:2      | 682 ||| INVOKING Spit Poison.
   729 | D:2      | 729 ||| INVOKING Spit Poison.
   731 | D:2      | Reached skill level 5 in Ranged Weapons
   731 | D:2      | Reached XP level 4. HP: 39/39 MP: 4/4
   790 | D:2      | 790 ||| INVOKING Spit Poison.
   791 | D:2      | 791 ||| INVOKING Spit Poison.
   847 | D:2      | 847 ||| INVOKING Spit Poison.
   940 | D:2      | 940 ||| INVOKING Spit Poison.
  1031 | D:2      | Identified the +1 leather armour "Ufeeraxo" {rC- Int+3}
  1168 | D:2      | 1168 ||| INVOKING Spit Poison.
  1256 | D:2      | 1256 ||| READING 3 scrolls of identify.
  1256 | D:2      | 1256 ||| IDENTIFYING fizzy puce potion
  1257 | D:2      | 1257 ||| READING 2 scrolls of identify.
  1257 | D:2      | 1257 ||| IDENTIFYING fuming orange potion
  1270 | D:3      | Noticed Ijyb
  1271 | D:3      | 1271 ||| INVOKING Spit Poison.
  1273 | D:3      | 1273 ||| STAIRDANCE
  1275 | D:2      | 1275 ||| INVOKING Spit Poison.
  1279 | D:2      | 1279 ||| INVOKING Spit Poison.
  1282 | D:2      | HP: 8/39 [poisoned by Ijyb]
  1283 | D:2      | 1283 ||| DRINKING 2 potions of heal wounds.
  1284 | D:2      | 1284 ||| INVOKING Spit Poison.
  1286 | D:2      | 1286 ||| DRINKING potion of heal wounds.
  1289 | D:2      | 1289 ||| INVOKING Spit Poison.
  1289 | D:2      | HP: 6/39 [poisoned by Ijyb]
  1290 | D:2      | Slain by Ijyb

Levels and vault maps discovered:
D:1:      zaba_arrival_water, layout_basic
D:2:      layout_basic, nicolae_grassy_gnolls
D:3:      layout_rooms, tso_oasis_becter, chequers_ecumenical_altar_simple,
          minmay_fractal_squares_diagonal_5, uniq_ijyb

Skill      XL: |  1  2  3 |
---------------+----------+-----
Ranged Weapons | 4 5 |  5.0
Fighting       | |  2.3
Dodging        | |  1.5
Stealth        | |  1.5

Action                     |  1- 3 |  4- 6 || total
---------------------------+-------+-------++-------
  Melee: Unarmed           |       |    10 ||    10
   Fire: Shortbow          |    64 |    14 ||    78
Ability: Spit Poison       |    25 |     9 ||    34
    Use: Scroll            |     3 |     2 ||     5
         Potion            |     1 |     2 ||     3
 Armour: Leather armour    |     9 |       ||     9
  Dodge: Dodged            |    17 |     9 ||    26

Table legend:
 A = Non-vault XP
 B = Vault XP
 C = Vault XP percentage of total XP
 D = Non-vault monster count
 E = Vault monster count
 F = Vault count percentage of total count
                 A         B        C        D         E       F
            +---------+---------+-------+---------+---------+-------
      Total |      99 |       0 |   0.0 |      45 |       0 |   0.0
            +---------+---------+-------+---------+---------+-------
        D:1 |      41 |       0 |   0.0 |      25 |       0 |   0.0
        D:2 |      58 |       0 |   0.0 |      20 |       0 |   0.0
            +---------+---------+-------+---------+---------+-------
